 Dungeon Crawl Stone Soup version 0.30-a0-159-g068b764562 (webtiles) character file.

Game seed: 8828342826694227322

74 NinjaNoafa the Slasher (level 4, -1/29 (38) HPs)
             Began as a Gnoll Reaver on Sept 27, 2022.
             Slain by an iguana (8 damage)
             ... on level 3 of the Dungeon.
             The game lasted 00:04:42 (2191 turns).

NinjaNoafa the Slasher (Gnoll Reaver)               Turns: 2191, Time: 00:04:43

HP:   -1/29 (38)    AC:  4    Str: 11    XL:     4   Next: 30%
MP:   9/11          EV: 12    Int: 15    God:
Gold: 94            SH:  4    Dex: 10    Spells: 10/13 levels left

rFire   . . .      SeeInvis .    a - +0 falchion
rCold   . . .      Faith    .    (no shield)
rNeg    . . .      Spirit   .    b - +0 leather armour
rPois   .          Reflect  .    (no helmet)
rElec   .          Harm     .    (no cloak)
rCorr   .          Rampage  .    (no gloves)
Will    .....                    k - +0 pair of boots
Stlth   +.........               (no amulet)
HPRegen 0.09/turn                s - ring of wizardry
MPRegen 0.12/turn                (no ring)

@: earthbound, heavily drained
A: fangs 1, strong nose, distributed training, large bone plates 1, mutation
resistance 1, wild magic 1
a: no special abilities


You were on level 3 of the Dungeon.
You visited 1 branch of the dungeon, and saw 3 of its levels.

You collected 94 gold pieces.

Inventory:

Hand Weapons
 a - a +0 falchion (weapon)
Missiles
 d - 49 stones
Armour
 b - a +0 leather armour (worn)
 k - a +0 pair of boots (worn)
Jewellery
 s - a ring of wizardry (left hand)
Scrolls
 e - 2 scrolls of enchant armour {unknown}
 f - a scroll of poison {unknown}
 g - a scroll of amnesia {unknown}
 h - 2 scrolls of teleportation {unknown}
 j - a scroll of fear {unknown}
 l - a scroll of enchant weapon {unknown}
 o - a scroll of noise {unknown}
Potions
 c - a potion of brilliance {unknown}
 i - 2 potions of might {unknown}
 m - a potion of heal wounds {unknown}
 n - a potion of curing
 p - a potion of flight {unknown}
 q - 2 potions of degeneration {unknown}
 r - a potion of ambrosia {unknown}


   Skills:
 + Level 4.6 Fighting
 + Level 1.1 Short Blades
 + Level 6.6 Long Blades
 + Level 1.1 Axes
 + Level 1.1 Maces & Flails
 + Level 1.1 Polearms
 + Level 1.1 Staves
 + Level 1.1 Ranged Weapons
 + Level 1.1 Throwing
 + Level 1.1 Armour
 + Level 4.6 Dodging
 + Level 1.1 Stealth
 + Level 1.1 Shields
 + Level 1.1 Unarmed Combat
 + Level 5.1 Spellcasting
 + Level 5.4 Conjurations
 + Level 0.9 Hexes
 + Level 0.9 Summonings
 + Level 0.9 Necromancy
 + Level 0.9 Translocations
 + Level 0.9 Transmutations
 + Level 0.9 Fire Magic
 + Level 0.9 Ice Magic
 + Level 0.9 Air Magic
 + Level 0.9 Earth Magic
 + Level 0.9 Poison Magic
 + Level 1.2 Invocations
 + Level 1.1 Evocations


You had 10 spell levels left.
You knew the following spells:

 Your Spells              Type           Power      Damage    Failure   Level
a - Kiss of Death         Conj/Necr      68%        2d10      4%          1
b - Volcanic Tap          Conj/Fire/Erth 28%        3d9       7%          2

Your spell library contained the following spells:

 Spells                   Type           Power      Damage    Failure   Level
 Beastly Appendage        Tmut           16%        N/A       9%          1
 Slow                     Hex            32%        N/A       9%          1
 Dazzling Flash           Conj/Hex       34%        N/A       10%         3
 Hailstorm                Conj/Ice       17%        3d6       10%         3
 Wereblood                Tmut           8%         N/A       12%         2
 Confusing Touch          Hex            8%         N/A       22%         3
 Spider Form              Tmut/Pois      8%         N/A       22%         3
 Vampiric Draining        Necr           8%         2d6       22%         3
 Iskenderun's Mystic Bla  Conj/Tloc      17%        2d5       28%         4
 Starburst                Conj/Fire      8%         6d4       98%         6


Dungeon Overview and Level Annotations

Branches:
Dungeon (3/15)

Altars:


Innate Abilities, Weirdness & Mutations

You have very sharp teeth.
Your uncanny sense of smell can sniff out nearby items.
Your experience applies equally to all skills.
You are partially covered in large bone plates. (SH +4)
You are somewhat resistant to further mutation.
Your spells are a little harder to cast, but a little more powerful.


Message History

You closely miss the rat.
The rat is moderately wounded.
The rat bites you.
You closely miss the rat.
The rat is moderately wounded.
The rat closely misses you.
You hit the rat but do no damage.
The rat is moderately wounded.
The rat closely misses you.
You slash the rat!
You kill the rat!
The rat's corpse dissolves into shadows!
The bat hits you but does no damage.
You closely miss the bat. Your bite misses the bat. The bat closely misses you.
You block the bat's attack.
You hit the bat.
You kill the bat!
The bat's corpse dissolves into shadows!
The kobold throws a stone.
The stone barely misses you. You block the kobold's attack.
You hit the kobold.
You kill the kobold!
You hit the iguana.
The iguana is moderately wounded.
The iguana bites you!
You hit the iguana.
The iguana is severely wounded.
The iguana bites you!
* * * LOW HITPOINT WARNING * * *
You hit the iguana.
The iguana is almost dead.
The iguana closely misses you.
Casting: Volcanic Tap (safe; 7% risk of failure)
Confirm with . or Enter, or press ? or * to list all spells.
Aiming: Volcanic Tap (safe; 7% risk of failure)
Press: ? - help, Dir - move target, f - iguana
Aim: an iguana (almost dead, 75% to hit)
The spray of magma misses the iguana.
You are fixed to the earth.
The iguana bites you!
You die...

#.##..........###.######
#......######.# #.......
##..#.#.# #.# ########
#.....#.# #+## #.......#
#...## #.#.....# #.....#
#.##.######....?..
###.#...####........
..........@l........
###.#...####........
#.##.## ##....... #. ###
#.....# #...## ∆ #+##


You could see an iguana.

Vanquished Creatures
  Terence (D:2)
  An adder (D:2)
  A dart slug (D:2)
  3 ball pythons
  5 endoplasms
  2 giant cockroaches
  2 goblins
  5 hobgoblins
  6 bats
  4 frilled lizards
  2 kobolds
  2 rats
34 creatures vanquished.

Vanquished Creatures (others)
  An orc (D:3)
1 creature vanquished.

Grand Total: 35 creatures vanquished

Notes
Turn   | Place    | Note
-------+----------+-------------------------------------------
     0 | D:1      | NinjaNoafa the Gnoll Reaver began the quest for the Orb.
     0 | D:1      | Reached XP level 1. HP: 20/20 MP: 6/6
   299 | D:1      | Reached XP level 2. HP: 23/26 MP: 7/7
   611 | D:1      | Found a faded altar of an unknown god.
  1018 | D:2      | Noticed Terence
  1041 | D:2      | Gained mutation: Your system is resistant to poisons.
                  | (rPois) [potion of mutation]
  1041 | D:2      | Gained mutation: You have a pair of small antennae on your
                  | head. [potion of mutation]
  1043 | D:2      | Killed Terence
  1044 | D:2      | Reached skill level 1 in Short Blades
  1044 | D:2      | Reached skill level 1 in Axes
  1044 | D:2      | Reached skill level 1 in Maces & Flails
  1044 | D:2      | Reached skill level 1 in Polearms
  1044 | D:2      | Reached skill level 1 in Staves
  1044 | D:2      | Reached skill level 1 in Ranged Weapons
  1044 | D:2      | Reached skill level 1 in Throwing
  1044 | D:2      | Reached skill level 1 in Armour
  1044 | D:2      | Reached skill level 1 in Stealth
  1044 | D:2      | Reached skill level 1 in Shields
  1044 | D:2      | Reached skill level 1 in Unarmed Combat
  1044 | D:2      | Reached skill level 5 in Spellcasting
  1044 | D:2      | Reached skill level 1 in Invocations
  1044 | D:2      | Reached skill level 1 in Evocations
  1044 | D:2      | Reached XP level 3. HP: 6/25 MP: 5/9
  1312 | D:2      | Lost mutation: You have a pair of small antennae on your
                  | head. [potion of mutation]
  1312 | D:2      | Lost mutation: Your system is resistant to poisons. (rPois)
                  | [potion of mutation]
  1312 | D:2      | Gained mutation: You are partially covered in large bone
                  | plates. (SH +4) [potion of mutation]
  1312 | D:2      | Gained mutation: Your spells are a little harder to cast,
                  | but a little more powerful. [potion of mutation]
  1312 | D:2      | Gained mutation: You are somewhat resistant to further
                  | mutation. [potion of mutation]
  1562 | D:2      | Reached XP level 4. HP: 28/28 MP: 11/11
  2045 | D:3      | Learned a level 2 spell: Volcanic Tap
  2191 | D:3      | Slain by an iguana

Illustrated notes

Levels and vault maps discovered:
D:1:      dpeg_arrival_renting, layout_loops_cross,
          dreamdust_ecumenical_altar_statues
D:2:      cheibrodos_old_hovel, layout_loops_ring, minmay_small_reverse_x,
          uniq_terence
D:3:      layout_loops_corners, uniq_natasha

Skill      XL: |  1  2 |
---------------+-------+-----
Short Blades   | 1 |  1.1
Axes           | 1 |  1.1
Maces & Flails | 1 |  1.1
Polearms       | 1 |  1.1
Staves         | 1 |  1.1
Ranged Weapons | 1 |  1.1
Throwing       | 1 |  1.1
Armour         | 1 |  1.1
Stealth        | 1 |  1.1
Shields        | 1 |  1.1
Unarmed Combat | 1 |  1.1
Spellcasting   | 5 |  5.1
Invocations    | 1 |  1.2
Evocations     | 1 |  1.1
Fighting       | |  4.6
Long Blades    | |  6.6
Dodging        | |  4.6
Conjurations   | |  5.4
Hexes          | |  0.9
Summonings     | |  0.9
Necromancy     | |  0.9
Translocations | |  0.9
Transmutations | |  0.9
Fire Magic     | |  0.9
Ice Magic      | |  0.9
Air Magic      | |  0.9
Earth Magic    | |  0.9
Poison Magic   | |  0.9

Action                   |  1- 3 |  4- 6 || total
-------------------------+-------+-------++-------
Melee: Falchion          |    80 |    43 ||   123
       Bite              |     7 |     2 ||     9
 Cast: Kiss of Death     |     4 |       ||     4
       Volcanic Tap      |       |     2 ||     2
  Use: Potion            |     4 |       ||     4
 Stab: Sleeping          |     2 |     1 ||     3
Armor: Leather armour    |    28 |    11 ||    39
Dodge: Dodged            |    77 |    19 ||    96
Block: Other             |     6 |    10 ||    16

Table legend: (Time is in decaauts)
 A = Elapsed time spent in this place.
 B = Non-inter-level travel time spent in this place.
 C = Inter-level travel time spent in this place.
 D = Time resting spent in this place.
 E = Time spent auto-exploring this place.
 F = Levels seen in this place.
 G = Mean time per level.
                   A        B        C        D        E       F      G
               +--------+--------+--------+--------+--------+-----+--------+
         Total |   2187 |   2156 |     31 |      0 |   1802 |   3 |  729.0 |
       Dungeon |   2187 |   2156 |     31 |      0 |   1802 |   3 |  729.0 |
               +--------+--------+--------+--------+--------+-----+--------+

Top non-repeatable levels by time:
     D:2: 1118 daAuts
     D:1: 889 daAuts
     D:3: 180 daAuts
